 Dungeon Crawl Stone Soup version 0.30-a0-165-g1891117ce2 (webtiles) character file.

Game seed: 14177694877465291014

421 qw the Chopper (level 6, -7/38 HPs)
             Began as a Gargoyle Fighter on Sept 28, 2022.
             Mangled by Duvessa
             ... wielding a +0 rapier
              (12 damage)
             ... on level 4 of the Dungeon.
             The game lasted 00:01:07 (3397 turns).

qw the Chopper (Gargoyle Fighter)                   Turns: 3397, Time: 00:01:07

Health: -7/38      AC: 17    Str: 21    XL:     6   Next: 94%
Magic:  6/6        EV:  7    Int:  9    God:
Gold:   157        SH:  4    Dex:  9    Spells: 5/5 levels left

rFire   . . .      SeeInvis +    Y - +0 war axe (chaos)
rCold   . . .      Faith    .    c - +0 buckler
rNeg    + . .      Spirit   .    f - +0 chain mail
rPois   inf        Reflect  .    p - +0 helmet
rElec   +          Harm     .    (no cloak)
rCorr   .          Rampage  .    l - +2 pair of gloves
Will    .....                    (no boots)
Stlth   ..........               (no amulet)
HPRegen 0.12/turn                k - ring of see invisible
MPRegen 0.10/turn                (no ring)

@: about to teleport
A: sickness immunity, AC +4, negative energy resistance 1, electricity
resistance, torment resistance 1, petrification resistance
a: no special abilities


You were on level 4 of the Dungeon.
You visited 1 branch of the dungeon, and saw 4 of its levels.

You collected 157 gold pieces.


Innate Abilities, Weirdness & Mutations

You are immune to sickness and miasma.
Your stone body is resilient. (AC +4)
You are immune to poison.
You resist negative energy. (rN+)
You are resistant to electric shocks. (rElec)
You are resistant to unholy torment.
You are immune to petrification.


   Skills:
 - Level 4.0 Fighting
 - Level 6.1 Axes
 - Level 1.0 Throwing
 - Level 3.2 Armour
 + Level 0.0 Dodging
 - Level 3.2 Shields


You had 5 spell levels left.
You didn't know any spells.
Your spell library was empty.

Inventory:

Hand Weapons
 g - a +0 mace
 Y - a +0 war axe of chaos (weapon)
Missiles
 j - 4 javelins (quivered)
Armour
 c - a +0 buckler (worn)
 f - a +0 chain mail (worn)
 l - a +2 pair of gloves (worn)
 p - a +0 helmet (worn)
Jewellery
 k - a ring of see invisible (left hand)
Scrolls
 m - 2 scrolls of teleportation
Potions
 b - a potion of degeneration {unknown}
 d - 2 potions of might
 e - a potion of curing

Dungeon Overview and Level Annotations

Branches:
Dungeon (4/15)
 Temple: D:4-7

Altars:
Dithmenos
Sif Muna
Wu Jian

Annotations:
D:4 Duvessa


Message History

Duvessa says, "When magic and the sword combine, nothing stands against them."
You barely miss the ball python. You barely miss Duvessa.
The ball python bites you but does no damage.
The ball python constricts you.
Duvessa zaps a wand.
The bolt of dispelling energy hits you.
You hit the ball python. You freeze the ball python.
You kill the ball python!
You slash Dowan! You freeze Dowan. You hit Duvessa.
Lightning courses through Duvessa! Dowan hits you with a +0 dagger.
Duvessa hits you with a +0 rapier!
You closely miss Duvessa.
Duvessa is heavily wounded.
You miss Dowan. You block Dowan's attack. Duvessa hits you with a +0 rapier.
You barely miss Duvessa.
Duvessa is heavily wounded.
You hit Dowan. You burn Dowan. Dowan barely misses you.
Duvessa zaps a wand.
The bolt of dispelling energy hits you but does no damage.
Dowan gestures at you while chanting.
The puff of flame hits you but does no damage.
Duvessa barely misses you.
You closely miss Dowan.
Dowan is almost dead.
You barely miss Duvessa. Dowan hits you but does no damage.
Duvessa hits you with a +0 rapier!
You slash Dowan!
You kill Dowan!
Duvessa screams in rage.
Duvessa goes berserk!
You hit Duvessa. You burn Duvessa. Duvessa hits you but does no damage. x2
Your Axes skill increases to level 6!
You hit Duvessa.
Duvessa seems to grow stronger.
Duvessa is heavily wounded.
Duvessa hits you with a +0 rapier!
3397 ||| READING 3 scrolls of teleportation.
As you read the scroll of teleportation, it crumbles to dust.
You feel strangely unstable. Duvessa hits you with a +0 rapier!
You die...

. ...
....##########.
......[?)......
......)@e......
.##.....%..####
#..........#
...........#
####.......#
##..#.... ...
##### ##..


You could see Duvessa (berserk, strong).

Vanquished Creatures
  Sigmund (D:3)
  Dowan (D:4)
  Terence (D:2)
  An iguana (D:3)
  4 gnolls (D:2)
  6 adders
  3 dart slugs
  8 ball pythons
  4 bats
  10 endoplasms
  5 giant cockroaches
  3 goblins
  7 hobgoblins
  4 jackals (D:1)
  3 quokkas
  4 frilled lizards
  7 kobolds
  7 rats
79 creatures vanquished.

Vanquished Creatures (others)
  A goblin (D:4)
  2 plants (D:2)
3 creatures vanquished.

Grand Total: 82 creatures vanquished

Notes
Turn   | Place    | Note
-------+----------+-------------------------------------------
     0 | D:1      | qw the Gargoyle Fighter began the quest for the Orb.
     0 | D:1      | Reached XP level 1. HP: 14/14 MP: 1/1
     0 | D:1      | 0 ||| qw: Version: 0.2-a-12-gaebbb33
     0 | D:1      | 0 ||| qw: Game counter: 777
     0 | D:1      | 0 ||| qw: Always use a shield: true
     0 | D:1      | 0 ||| qw: God list: Okawaru
     0 | D:1      | 0 ||| qw: Allow faded altars: false
     0 | D:1      | 0 ||| qw: Do Orc after D:15 true
     0 | D:1      | 0 ||| qw: Do second Lair branch before Depths: true
     0 | D:1      | 0 ||| qw: Lair rune preference: random
     0 | D:1      | 0 ||| qw: Plans: Normal, Zot:1-4, God:TSO, Crypt, Tomb,
                  | Pan, Slime:5, Hells, Abyss, Orb
     0 | D:1      | 0 ||| PLANNING D:1-11
     8 | D:1      | Reached skill level 2 in Axes
    86 | D:1      | Reached XP level 2. HP: 19/19 MP: 2/2
   388 | D:1      | 388 ||| Stepping ~*~*~tactically~*~*~ (stealth).
   419 | D:1      | 419 ||| Stepping ~*~*~tactically~*~*~ (stealth).
   570 | D:1      | Reached skill level 3 in Axes
   722 | D:1      | Reached XP level 3. HP: 21/23 MP: 3/3
  1135 | D:1      | 1135 ||| DROPPING ring of flight.
  1136 | D:1      | 1136 ||| DRINKING 2 red potions.
  1254 | D:2      | Noticed Terence
  1263 | D:2      | Killed Terence
  1264 | D:2      | Reached XP level 4. HP: 21/28 MP: 4/4
  1371 | D:2      | Found an ornate altar of the Wu Jian Council.
  1383 | D:2      | Reached skill level 4 in Axes
  1743 | D:2      | Reached XP level 5. HP: 31/32 MP: 5/5
  1775 | D:2      | Reached skill level 1 in Throwing
  1918 | D:2      | 1918 ||| Stepping ~*~*~tactically~*~*~ (stealth).
  2223 | D:2      | 2223 ||| Stepping ~*~*~tactically~*~*~ (stealth).
  2225 | D:2      | 2225 ||| Stepping ~*~*~tactically~*~*~ (stealth).
  2226 | D:2      | 2226 ||| Stepping ~*~*~tactically~*~*~ (stealth).
  2255 | D:2      | 2255 ||| UPGRADING to +0 chain mail.
  2265 | D:2      | 2265 ||| DROPPING +0 scale mail.
  2266 | D:2      | 2266 ||| UPGRADING to ring of see invisible.
  2267 | D:2      | 2267 ||| READING scroll labelled COPSEKHLACRU.
  2271 | D:2      | 2271 ||| READING scroll labelled MAHOYJURICW.
  2272 | D:2      | 2272 ||| READING scroll labelled WYR JUT EWAEPT.
  2273 | D:2      | 2273 ||| READING scroll labelled KIFOOTW JAPN.
  2274 | D:2      | 2274 ||| READING scroll labelled UHIENA CYAH.
  2514 | D:3      | 2514 ||| Stepping ~*~*~tactically~*~*~ (stealth).
  2518 | D:3      | Noticed Sigmund
  2519 | D:3      | 2519 ||| Stepping ~*~*~tactically~*~*~ (stealth).
  2527 | D:3      | 2527 ||| Stepping ~*~*~tactically~*~*~ (stealth).
  2531 | D:3      | 2531 ||| Stepping ~*~*~tactically~*~*~ (hiding).
  2543 | D:3      | Killed Sigmund
  2544 | D:3      | Reached skill level 5 in Axes
  2544 | D:3      | Reached XP level 6. HP: 22/37 MP: 6/6
  2755 | D:3      | 2755 ||| Stepping ~*~*~tactically~*~*~ (stealth).
  2769 | D:3      | 2769 ||| Stepping ~*~*~tactically~*~*~ (stealth).
  2772 | D:3      | 2772 ||| Stepping ~*~*~tactically~*~*~ (stealth).
  3083 | D:3      | Found a shimmering blue altar of Sif Muna.
  3128 | D:3      | Found a shadowy altar of Dithmenos.
  3236 | D:3      | Found a faded altar of an unknown god.
  3236 | D:3      | Noticed a neqoxec
  3239 | D:3      | 3239 ||| UPGRADING to +2 pair of gloves.
  3244 | D:3      | 3244 ||| UPGRADING to +0 helmet.
  3249 | D:3      | 3249 ||| READING scroll labelled JOAHYN PAJYR.
  3250 | D:3      | 3250 ||| READING scroll labelled WYROM LIUDDO.
  3251 | D:3      | 3251 ||| READING scroll labelled RAXA DOYNLO.
  3252 | D:3      | 3252 ||| READING scroll labelled WUWNOU HAFECVOO.
  3279 | D:4      | Noticed Duvessa
  3279 | D:4      | Noticed Dowan
  3280 | D:4      | 3280 ||| PLANNING SEWER
  3280 | D:4      | 3280 ||| STAIRDANCE
  3282 | D:3      | 3282 ||| DROPPING potion of brilliance.
  3285 | D:4      | 3285 ||| STAIRDANCE
  3395 | D:4      | Killed Dowan
  3396 | D:4      | Reached skill level 6 in Axes
  3396 | D:4      | HP: 5/38 [Duvessa/+0 rapier (14)]
  3397 | D:4      | 3397 ||| READING 3 scrolls of teleportation.
  3397 | D:4      | Mangled by Duvessa

Levels and vault maps discovered:
D:1:      beargit_arrival_greenhouse, layout_basic, hangedman_decor_riveting
D:2:      cheibrodos_old_hovel, layout_basic, basic_altar, serial_bayou_pond_e,
          uniq_terence
D:3:      layout_basic, nicolae_sif_muna_condensation, grunt_dithmenos_smoke,
          dreamdust_ecumenical_altar_sealed_demon, nicolae_figureground_sparkle,
          uniq_sigmund
D:4:      layout_rooms, minmay_temple_entry_offerings, portal_sewer_entry_e,
          uniq_duvessa, uniq_crazy_yiuf_cottage, uniq_pikel

Skill      XL: |  1  2  3  4  5  6 |
---------------+-------------------+-----
Axes           | 2 3 4 5 6 |  6.1
Throwing       | 1 |  1.0
Fighting       | 4 |  4.0
Armour         | |  3.2
Shields        | |  3.2

Action                   |  1- 3 |  4- 6 || total
-------------------------+-------+-------++-------
Melee: War axe           |   105 |    97 ||   202
Throw: Javelin           |       |    40 ||    40
  Use: Potion            |     1 |       ||     1
       Scroll            |       |    10 ||    10
 Stab: Distracted        |       |     1 ||     1
Armor: Scale mail        |    54 |    20 ||    74
       Chain mail        |       |    36 ||    36
Dodge: Dodged            |    47 |    49 ||    96
Block: Buckler           |    14 |    23 ||    37

Table legend:
 A = Non-vault XP
 B = Vault XP
 C = Vault XP percentage of total XP
 D = Non-vault monster count
 E = Vault monster count
 F = Vault count percentage of total count
                 A         B        C        D         E       F
            +---------+---------+-------+---------+---------+-------
      Total |     287 |     315 |  52.3 |      75 |       4 |   5.1
            +---------+---------+-------+---------+---------+-------
        D:1 |      46 |       0 |   0.0 |      26 |       0 |   0.0
        D:2 |     147 |      38 |  20.5 |      27 |       2 |   6.9
        D:3 |      93 |     214 |  69.7 |      21 |       1 |   4.5
        D:4 |       1 |      63 |  98.4 |       1 |       1 |  50.0
            +---------+---------+-------+---------+---------+-------
